Cogmind - Beta 16 @@@ ROGUE MODE // 2025.10.27 @ 19:06:49 Player: huluvu Result: Destroyed by S-10 Pest with Light Assault Rifle Performance ------------- Evolutions (2) 1000 Regions Visited (6) 1200 Robots Destroyed (22) 110 Value Destroyed (537) 537 Prototype IDs (2) 40 Alien Tech Used (0) 0 Bonus (0) 0 TOTAL SCORE: 2887 Bonus ------- None Cogmind --------- Core Integrity 0/550 Matter 260/300 Energy 80/100 System Corruption 0% Temperature Cool (0) Movement Core (100) Ox1 Location -8/Materials Parts ------- > --- POWER (2) -------- (None) > --- PROPULSION (4) --- (None) > --- UTILITY (3) ------ (None) > --- WEAPON (2) ------- Grenade Launcher Mining Claw > --- INVENTORY (5) ---- Datajack Peak State ------------ > --- POWER ------------ Light Ion Engine > --- PROPULSION ------- Aluminum Leg Flight Unit Flight Unit > --- UTILITY ---------- Advanced Heat Sink Small Storage Unit Light Armor Plating > --- WEAPON ----------- Medium Laser Improved Light Cannon > --- INVENTORY -------- Ion Engine Light Ion Engine EM Pulse Gun Medium Laser Assault Rifle Light Cannon [Rating: 14] Favorites ----------- Power Light Ion Engine Engine Light Ion Engine Power Core Light Nuclear Core Propulsion Aluminum Leg Treads Light Treads Leg Aluminum Leg Flight Unit Flight Unit Utility Small Storage Unit Device Advanced Heat Sink Storage Small Storage Unit Protection Light Armor Plating Weapon Medium Laser Energy Gun Medium Laser Ballistic Gun Assault Rifle Ballistic Cannon Improved Light Cannon Slashing Weapon Mining Claw Special Melee Weapon Datajack Build | -11 -10 -9 -9 -9 -8 -8 ------- Run | Yrd Mat Mat Min Exi Min Mat Slots Evolved 4 | . . 2 . . . 2 Power 1 | . . . . . . 1 Propulsion 2 | . . 1 . . . 1 Utility 1 | . . 1 . . . . Weapon . | . . . . . . . Parts Attached 48 | 6 9 2 1 . 13 17 Power 9 | 1 2 . . . 4 2 Engine 8 | 1 2 . . . 3 2 Core 1 | . . . . . 1 . Reactor . | . . . . . . . Propulsion 18 | 2 2 1 . . 4 9 Treads 2 | 2 . . . . . . Leg 4 | . 2 1 . . 1 . Wheel . | . . . . . . . Hover . | . . . . . . . Flight 12 | . . . . . 3 9 Utility 9 | 1 3 1 1 . 2 1 Device 3 | . 1 . . . 1 1 Storage 1 | 1 . . . . . . Processor . | . . . . . . . Hackware . | . . . . . . . Protection 5 | . 2 1 1 . 1 . Artifact . | . . . . . . . Weapon 12 | 2 2 . . . 3 5 Energy Gun 4 | 1 1 . . . 1 1 Energy Cannon . | . . . . . . . Ballistic Gun 3 | 1 1 . . . 1 . Ballistic Cannon 2 | . . . . . 1 1 Launcher 1 | . . . . . . 1 Special Weapon . | . . . . . . . Impact Weapon . | . . . . . . . Slashing Weapon 1 | . . . . . . 1 Piercing Weapon . | . . . . . . . Special Melee Weapon 1 | . . . . . . 1 Unidentified Prototypes . | . . . . . . . Parts Lost 27 | . 1 . . . 5 21 Power 4 | . 1 . . . . 3 Propulsion 15 | . . . . . 3 12 Utility 4 | . . . . . 2 2 Weapon 4 | . . . . . . 4 Highest Loss Streak 20 | . 1 . . . 4 20 To Critical Strikes . | . . . . . . . Average Backups 6 | 3 7 7 7 8 6 2 Power . | . . 1 1 1 1 . Propulsion . | 1 2 . . . . . Utility 1 | . 2 3 2 2 . . Weapon 2 | 1 1 3 4 5 3 1 Tool/Special . | . . . . . . . Unused Backups 7 | . 4 . . 1 2 . Power 2 | . . . . 1 1 . Propulsion 2 | . 2 . . . . . Utility 2 | . 2 . . . . . Weapon 1 | . . . . . 1 . Tool/Special . | . . . . . . . Average Slot Usage (%) 91 | . 98 99 100 100 89 36 Engine 10 | . 13 11 11 11 9 1 Treads 7 | . 23 . . . . . Leg 17 | . 4 33 33 33 19 . Flight 3 | . . . . . 7 17 Device 2 | . 3 . . . 4 1 Storage 10 | . 14 11 11 11 8 . Protection 14 | . 9 21 22 22 15 3 Energy Gun 11 | . 14 11 11 11 11 4 Ballistic Gun 10 | . 14 11 11 11 6 3 Ballistic Cannon 1 | . . . . . 4 . Peak Build Rating 14 | 6 7 9 9 10 14 10 Average Rating 8 | 4 6 8 8 9 10 5 On Entrance 7 | . 6 7 9 9 10 9 Avg Prop Armor Cover (%) 6 | . . . . . 6 . Naked Turns 30 | . . . . . . 30 Heaviest Build 21 | 11 17 18 18 18 18 21 Greatest Support 40 | 40 40 30 30 30 30 16 Greatest Overweight (x) 5 | . . . . . 4 5 Average Overweight (x) . | . . . . . . . Largest Inventory Capacity 8 | 8 8 8 8 8 8 5 Average Capacity 7 | 7 8 8 8 8 7 5 Most Carried 8 | 6 8 8 8 8 8 4 Average Carried 6 | 3 7 7 7 8 6 2 Final Capacity 8 | 8 8 8 8 8 5 5 Final Carried 8 | 4 8 8 8 8 5 1 Class Distribution -------------------- 83% | Mutant 14% | Scavenger-Mutant Dominant Class ---------------- Mutant | -10/Materials Mutant | -9/Materials Mutant | -9/Mines Mutant | -9/Exiles Scavenger-Mutant | -8/Mines Mutant | -8/Materials Resources | -11 -10 -9 -9 -9 -8 -8 ----------- Run | Yrd Mat Mat Min Exi Min Mat Matter Collected 739 | 181 251 56 29 . 200 22 Remotely . | . . . . . . . Salvage Created 633 | . 236 101 . . 277 19 Parts 40 | . 11 6 . . 20 3 Haulers Intercepted . | . . . . . . . Recyclers Shooed . | . . . . . . . Parts Field Recycled . | . . . . . . . Retrieved Matter . | . . . . . . . Parts Self-Destructed . | . . . . . . . Prevented . | . . . . . . . Parts Restored . | . . . . . . . Kills | -11 -10 -9 -9 -9 -8 -8 ------- Run | Yrd Mat Mat Min Exi Min Mat Combat Hostiles Destroyed 20 | . 5 2 . . 11 2 Guns 17 | . 5 2 . . 10 . Cannons 3 | . . . . . 1 2 Classes Destroyed 3 | . 2 . . . 1 . Watcher 2 | . 1 1 . . . . Swarmer 10 | . . . . . 8 2 Grunt 10 | . 5 2 . . 3 . Best Kill Streak 4 | . 2 1 . . 4 2 Combat Bots Only 4 | . 2 1 . . 4 2 Max Kills in Single Turn 1 | . 1 1 . . 1 1 Gunslinging . | . . . . . . . Exploded . | . . . . . . . Melee . | . . . . . . . Uniques/NPCs Destroyed . | . . . . . . . Combat | -11 -10 -9 -9 -9 -8 -8 -------- Run | Yrd Mat Mat Min Exi Min Mat Hostile Shots Fired 360 | . 47 38 . . 80 195 Missed 118 | . 11 12 . . 20 75 Hits 242 | . 36 26 . . 60 120 Melee 1 | . . 1 . . . . Projectile 241 | . 36 25 . . 60 120 Critical Strikes 8 | . 1 . . . 3 4 Part Disruptions 1 | . . . . . . 1 Damage Taken 2805 | . 451 273 . . 734 1347 Core 704 | . 26 21 . . 102 555 Absorbed by Shields . | . . . . . . . Redirected to Shielding 87 | . . 26 . . 61 . Core Remaining (%) 86 | 100 89 . . . 69 . Volleys Fired 76 | . 33 11 . . 26 6 Largest 2 | . 2 2 . . 2 1 Hottest 83 | . 70 70 . . 83 30 Shots Fired 142 | . 66 22 . . 48 6 Gun 128 | . 66 22 . . 40 . Cannon 14 | . . . . . 8 6 Launcher . | . . . . . . . Special . | . . . . . . . Kinetic 72 | . 33 11 . . 22 6 Thermal 70 | . 33 11 . . 26 . Explosive . | . . . . . . . Electromagnetic . | . . . . . . . Robot Hit Streak 11 | . 7 6 . . 11 2 Robot Miss Streak 7 | . 7 3 . . 2 2 Penetration Max . | . . . . . . . Secondary Targets 3 | . 1 . . . 2 . Max Gunslinging Chain 1 | . 1 . . . 1 . Shots Hit Robots 91 | . 41 14 . . 34 2 Core Hits 38 | . 12 5 . . 18 3 Critical Kills . | . . . . . . . Critical Parts Destroyed . | . . . . . . . Critical Strikes 6 | . 2 2 . . 2 . Burn 5 | . 2 2 . . 1 . Blast 1 | . . . . . 1 . Melee Attacks . | . . . . . . . Impact . | . . . . . . . Slashing . | . . . . . . . Piercing . | . . . . . . . Sneak Attacks . | . . . . . . . Combat Hostiles . | . . . . . . . Follow-up Attacks . | . . . . . . . Damage Inflicted 1212 | . 498 153 . . 463 98 Guns 1033 | . 498 153 . . 382 . Cannons 136 | . . . . . 81 55 Explosions . | . . . . . . . Melee . | . . . . . . . Ramming 43 | . . . . . . 43 Kinetic 649 | . 264 103 . . 227 55 Thermal 520 | . 234 50 . . 236 . Explosive . | . . . . . . . Electromagnetic . | . . . . . . . Impact . | . . . . . . . Slashing . | . . . . . . . Piercing . | . . . . . . . Highest Corruption 1 | . 1 . . . . . Average Corruption 1 | . 1 . . . . . Corruption Purged . | . . . . . . . Corruption Blocked . | . . . . . . . Overload Shots . | . . . . . . . Overflow Damage . | . . . . . . . Projectiles . | . . . . . . . Explosions . | . . . . . . . Melee . | . . . . . . . Knockbacks 1 | . . . . . . 1 Impact 1 | . . . . . . 1 Kinetic . | . . . . . . . Secondary . | . . . . . . . Self-Inflicted Damage 19 | . . . . . . 19 Shots . | . . . . . . . Rammed 15 | . . . . . . 15 Targets Rammed 15 | . . . . . . 15 Kicked . | . . . . . . . Crushed . | . . . . . . . Highest Temperature 351 | . 220 60 . . 351 1 Average Temperature 90 | . 82 20 . . 137 1 Received Heat Transfer 963 | . 270 90 . . 333 270 Effects 3 | . 1 . . . 2 . Energy Bleed 1 | . 1 . . . . . Interference 2 | . . . . . 2 . Siege Activations . | . . . . . . . Martial Activations . | . . . . . . . Shielding Activations . | . . . . . . . Robots Disrupted . | . . . . . . . Combat Hostiles . | . . . . . . . Robots Corrupted . | . . . . . . . Combat Hostiles . | . . . . . . . Parts Fried . | . . . . . . . Impact Corruptions . | . . . . . . . Robots Melted . | . . . . . . . Combat Hostiles . | . . . . . . . Parts Melted 2 | . 1 . . . 1 . Heat Transferred 1841 | . 768 296 . . 777 . Parts Sabotaged . | . . . . . . . Parts Stolen . | . . . . . . . Parts Stripped . | . . . . . . . Power Chain Reactions . | . . . . . . . Alert | -11 -10 -9 -9 -9 -8 -8 ------- Run | Yrd Mat Mat Min Exi Min Mat Maximum Alert Level 1 | . . . . . . 1 Low Security (%) 99 | 100 100 100 100 . 100 98 Level 1 . | . . . . . . 1 Level 2 . | . . . . . . . Level 3 . | . . . . . . . Level 4 . | . . . . . . . Level 5 . | . . . . . . . High Security . | . . . . . . . Max Security . | . . . . . . . Peak Influence 205 | . 59 30 7 . 97 205 Initial 27 | . . 17 7 . . 27 Average 22 | . 11 6 . . 47 73 Influence Increases 995 | . 164 57 . . 325 449 Destroy 0b10 Robot/C 400 | . 100 40 . . 220 40 Destroy 0b10 Robot/NC 10 | . 5 5 . . . . Destroy Leader 84 | . 32 12 . . 30 10 Successful Hack 21 | . 12 . . . . 9 Disable Machine 15 | . 15 . . . . . Partial Spotted 15 | . . . . . . 15 Lose Combat Pursuer 450 | . . . . . 75 375 Influence Decreases 790 | . 121 80 20 . 252 317 Entered New Map 85 | . . 26 13 . . 46 Time Decay 474 | . 121 54 7 . 202 90 Lost Part 231 | . . . . . 50 181 Squads Dispatched 7 | . 2 3 . . . 2 Investigation 4 | . 2 . . . . 2 Extermination . | . . . . . . . Reinforcement 3 | . . 3 . . . . Assault . | . . . . . . . Garrison . | . . . . . . . Intercept . | . . . . . . . Searches Triggered . | . . . . . . . Construction Impeded 1 | . . 1 . . . . Haulers Reinforced . | . . . . . . . Active Scanning Responses . | . . . . . . . Cargo Convoy Interrupts . | . . . . . . . Stealth | -11 -10 -9 -9 -9 -8 -8 --------- Run | Yrd Mat Mat Min Exi Min Mat Distress Signals 5 | . 1 2 . . . 2 Communications Jammed . | . . . . . . . Distress Signals . | . . . . . . . Times Spotted 81 | . 10 16 . . 15 40 Peak Tracking Total 19 | . 3 10 . . 4 19 Tactical Retreats 10 | . . . . . 5 5 Traps | -11 -10 -9 -9 -9 -8 -8 ------- Run | Yrd Mat Mat Min Exi Min Mat Traps Triggered 3 | . . . . . . 3 Indirectly . | . . . . . . . Trap Hack Attempts . | . . . . . . . Triggered . | . . . . . . . Disarmed . | . . . . . . . Reprogrammed . | . . . . . . . Reused . | . . . . . . . Traps Extracted . | . . . . . . . Installed . | . . . . . . . Triggered . | . . . . . . . Machines | -11 -10 -9 -9 -9 -8 -8 ---------- Run | Yrd Mat Mat Min Exi Min Mat Machines Disabled 1 | . 1 . . . . . Max in Single Turn 1 | . 1 . . . . . Machines Repaired . | . . . . . . . Machines Dismantled . | . . . . . . . Machines Sabotaged . | . . . . . . . Overloaded Fab Kills . | . . . . . . . Hacking | -11 -10 -9 -9 -9 -8 -8 --------- Run | Yrd Mat Mat Min Exi Min Mat Machines Accessed 6 | . 3 . . 1 . 2 Terminals 5 | . 3 . . . . 2 Fabricators . | . . . . . . . Repair Stations . | . . . . . . . Recycling Units . | . . . . . . . Scanalyzers . | . . . . . . . Garrison Access . | . . . . . . . Total Hacks 15 | . 8 . . 1 . 6 Successful 12 | . 6 . . 1 . 5 Failed 3 | . 2 . . . . 1 Catastrophic . | . . . . . . . Database Lockouts . | . . . . . . . Manual 10 | . . . . 8 . 2 Terminals 14 | . 8 . . . . 6 Fabricators . | . . . . . . . Repair Stations . | . . . . . . . Recycling Units . | . . . . . . . Scanalyzers . | . . . . . . . Garrison Access . | . . . . . . . Terminal Hacks 12 | . 6 . . 1 . 5 Record 7 | . 3 . . 1 . 3 Prototype ID Bank 1 | . 1 . . . . . Alert Level 1 | . . . . . . 1 Dispatch Records 1 | . 1 . . . . . Patrol Status 1 | . . . . . . 1 Zone Layout 1 | . 1 . . . . . Fabricator Hacks . | . . . . . . . Repair Station Hacks . | . . . . . . . Recycling Unit Hacks . | . . . . . . . Scanalyzer . | . . . . . . . Garrison Access Hacks . | . . . . . . . Unauthorized Hacks . | . . . . . . . Terminals . | . . . . . . . Fabricators . | . . . . . . . Repair Stations . | . . . . . . . Recycling Units . | . . . . . . . Scanalyzers . | . . . . . . . Garrison Access . | . . . . . . . Data Cores Recovered . | . . . . . . . Used . | . . . . . . . Hacking Detections 3 | . 2 . . . . 1 Full Trace Events 3 | . 2 . . . . 1 Feedback Events 1 | . 1 . . . . . Corruption 1 | . 1 . . . . . Feedback Blocked . | . . . . . . . Robot Schematics Acquired . | . . . . . . . Robots Built . | . . . . . . . Authchips . | . . . . . . . Time . | . . . . . . . Total Robot Build Rating . | . . . . . . . Part Schematics Acquired . | . . . . . . . Parts Built . | . . . . . . . Authchips . | . . . . . . . Time . | . . . . . . . Total Part Build Rating . | . . . . . . . Part Studies Acquired . | . . . . . . . Parts Repaired . | . . . . . . . Time . | . . . . . . . Parts Recycled . | . . . . . . . Recycled Matter . | . . . . . . . Retrieved Matter . | . . . . . . . Retrieved Components . | . . . . . . . Parts Scanalyzed . | . . . . . . . Part Schematics Acquired . | . . . . . . . Parts Damaged . | . . . . . . . Bothacking | -11 -10 -9 -9 -9 -8 -8 ------------ Run | Yrd Mat Mat Min Exi Min Mat Used RIF Installer . | . . . . . . . Robots Hacked . | . . . . . . . Non-combat . | . . . . . . . Combat . | . . . . . . . Robot Hacks Applied . | . . . . . . . Relay Couplers Released . | . . . . . . . Fabnet Peak Effective % . | . . . . . . . Robots Rewired . | . . . . . . . Allies Hacked . | . . . . . . . Hacks Repelled . | . . . . . . . Allies | -11 -10 -9 -9 -9 -8 -8 -------- Run | Yrd Mat Mat Min Exi Min Mat Total Allies . | . . . . . . . Largest Group . | . . . . . . . Highest-Rated Group . | . . . . . . . Highest-Rated Ally . | . . . . . . . Total Orders . | . . . . . . . Ally Attacks . | . . . . . . . Total Damage . | . . . . . . . Kills . | . . . . . . . Allies Corrupted . | . . . . . . . Allies Melted . | . . . . . . . Intel | -11 -10 -9 -9 -9 -8 -8 ------- Run | Yrd Mat Mat Min Exi Min Mat Active Infowar (turns) 138 | . 138 . . . . . Seismic 138 | . 138 . . . . . Robot Analysis Total . | . . . . . . . Derelict Logs Recovered 1 | . . . 1 . . . Drone Launches . | . . . . . . . Drone Recoveries . | . . . . . . . Exploration | -11 -10 -9 -9 -9 -8 -8 ------------- Run | Yrd Mat Mat Min Exi Min Mat Turns Passed 2280 | 139 715 268 286 205 478 189 Spaces Moved 1679 | 86 303 170 235 170 388 327 Core 84 | 12 . . . . . 72 Treads 306 | 74 232 . . . . . Legs 839 | . 71 170 235 170 193 . Wheels . | . . . . . . . Hover . | . . . . . . . Flight 450 | . . . . . 195 255 Fastest Speed 31 | 50 120 120 120 120 34 31 Average Speed 101 | 144 150 120 120 120 79 39 Slowest Speed 440 | 160 160 120 120 120 370 440 Overloaded Moves . | . . . . . . . Propulsion Burnouts . | . . . . . . . Robots Hopped 6 | . . . . . 3 3 Potential Cave-ins . | . . . . . . . Cave-ins Triggered . | . . . . . . . Exploration Rate (%) 41 | 5 42 18 44 56 82 43 Regions Visited 6 Branch Regions 3 Pre-discovered Areas 2 | . . . 2 . . . Known Exits Taken . | . . . . . . . Unknown Exits Taken 6 | 1 1 1 1 1 1 . Scrap Searched 1 | . . . . . 1 . Spaces Dug . | . . . . . . . Terrain Destroyed . | . . . . . . . Melee . | . . . . . . . Projectile . | . . . . . . . AOE . | . . . . . . . Terrain Rammed . | . . . . . . . Walls Destroyed . | . . . . . . . Machines Disabled . | . . . . . . . Actions | -11 -10 -9 -9 -9 -8 -8 --------- Run | Yrd Mat Mat Min Exi Min Mat Total 2109 | 101 497 212 239 171 511 378 Wait 214 | . 127 28 . . 59 . Move 1662 | 85 302 169 234 169 381 322 Hop 5 | . . . . . 3 2 Pick Up 53 | 10 16 2 1 1 11 12 Fast Attach 1 | . . . 1 . . . Attach 34 | 6 2 2 . . 6 18 Detach 5 | . . . . . 3 2 Swap 18 | . 7 . 1 . 9 1 Drop 26 | . 10 . 2 1 13 . Fire 76 | . 33 11 . . 26 6 Melee . | . . . . . . . Ram 15 | . . . . . . 15 Kick . | . . . . . . . Crush . | . . . . . . . Escape Stasis . | . . . . . . . Rewire . | . . . . . . . Trap . | . . . . . . . Miscellaneous . | . . . . . . . Route ------- -11/Scrapyard -10/Materials (discovered 2 exits: [*Mat] / [*Min]) -9/Materials -9/Mines (discovered 2 exits: *Mat / *Exi) -9/Exiles -8/Mines -8/Materials History --------- Turn | Location | Event 10 | -11/Scrapyard | Discovered new exit (range 16) 140 | -11/Scrapyard | Entered Materials 184 | -10/Materials | Discovered new exit (range 15) 343 | -10/Materials | Build established: Mutant 431 | -10/Materials | Discovered new exit (range 4) 855 | -10/Materials | Entered another Materials area 855 | -9/Materials | Evolved 2 slots: Propulsion x1, Utility x1 1112 | -9/Materials | Discovered new exit (range 10) 1123 | -9/Materials | Entered Mines 1124 | -9/Mines | Learned location of Storage (-7) 1214 | -9/Mines | Discovered new exit (range 7) 1228 | -9/Mines | Met a Derelict bent on vengeance 1401 | -9/Mines | Deemed a non-threat by the Exiles lab entrance 1402 | -9/Mines | Discovered new exit (range 5) 1409 | -9/Mines | Entered Exiles 1409 | -9/Exiles | Found Exiles lab abandoned 1598 | -9/Exiles | Discovered new exit (range 12) 1614 | -9/Exiles | Entered Mines 1812 | -8/Mines | Lost 4 parts (2n2u) 2085 | -8/Mines | Discovered new exit (range 12) 2092 | -8/Mines | Entered Materials 2092 | -8/Materials | Evolved 2 slots: Power x1, Propulsion x1 2233 | -8/Materials | Core integrity fell below 50% 2248 | -8/Materials | Core integrity fell below 20% 2260 | -8/Materials | Lost 20 parts (3p11n2u4w) 2281 | -8/Materials | Destroyed by S-10 Pest with Light Assault Rifle Last Messages --------------- 02228_ Flight Unit destroyed. 02228_ Slammed into Y-45 Defender. 02229_ Penetrated by Slug. 02229_ Slammed into Y-45 Defender. 02229_ Lgt. Ion Engine destroyed. 02230_ Slammed into G-47 Trooper. 02231_ Slammed into Y-45 Defender. 02232_ Slammed into G-47 Trooper. 02237_ G-47 Trooper knocked back. 02238_ Slammed into G-47 Trooper. 02251_ Triggered EMP Trap. 02251_ A bubble of electromagnetic force engulfs the area. 02258_ Acquired Mining Claw. 02264_ W-25 Informer sends out distress signal. 02265_ K-01 Serf collects debris. 02269_ Slug penetrates Wall. 02269_ K-01 Serf collects debris. 02279_ Slug penetrates Wall. 02279_ W-25 Informer sends out distress signal. 02279_ Acquired Grenade Launcher. Map ----- +----------------------------------------------------+ | ?????????????????????????????????????????# / ?# | | ?????????????????????????????????????????# ??# | | ?????????????????????????????????????????####### | | ???????????????????????????????????? | | ???????????????????????????????????? | | ???????????????????????????????????? | | ????????????????????????????????????"T" ###+##### | | ??????????????????????????????????????#??????????? | | ?????????????????????????????????????????????????? | | ?????????????????????????????????????????????????? | | ????????????????????????? ?????????????????????? | | ???????????????????????? ?????????????????????? | | ???????????????????????? ?????????????????????? | | ????????????????????????? ###??????????????????? | | ????????????????????????? #??????????????????? | | ????????????????????????? /??????????????????? | | ????????????????????????? #??????????????????? | | ????????????????????????? ####+??##??????????? | | ?????????????????????????# ? ?????????? | | ?????????????????#???????# ?????????? | | ?????????????????# ??????# ???????????? | | ?????????????????# ?????# """ #????????????? | | ?????????????????# ????# """ #######??????? | | ?????????????????# ???# """ ## ??????? | | ?????????????????# ### ## ??????? | | ?????????????????# @ ## ??????? | | ?????????????????# s w ??????? | | ?????????????????# s ## ?? ???? | | ?????????????????##########+#####h ## ?? #??? | | ?????????????????????# ## ## ? ???? | | ?????????????????????# ## ## ????? | | ?????????????????????# ## ## ??????? | | ?????????????????????# # ###+######### | | ?????????????????????# # | | ?????????????????????# + T | | ?????????????????????# # | | ?????????????????????# # ############# | | ?????????????????????#############+###???????????? | | ????????????????????????????????"" ""????????????? | | ?????????????????????????????? """ """ ??????????? | | ?????????????????????????????# """ """ #?????????? | | ?????????????????????????????# #?????????? | | ?????????????????????????????# #?????????? | | ?????????????????????????????# ! #?????????? | | ?????????????????????????????? ??????????? | | ?????????????????????????????? ??????????# | | ??????????????????????????????#########??????????# | | ?????????????????????????????????????????????????# | | ?????????????????????????????????????????????????# | | ?????????????????????????????????????????????????? | +----------------------------------------------------+ Best States ------------- Heat Dissipation 47 Energy Generation 14 Energy Capacity 275 Matter Stores 300 Matter Capacity 300 Sight Range 16 Terrain Scan Density 10 Armor Coverage 150 Propulsion Shielding 33 Evasion (%) 63 Recoil Reduction 2 Item Schematics ----------------- None Robot Schematics ------------------ None Fabricated ------------ Nothing Repaired ---------- Nothing Studied --------- None Alien Tech Used ----------------- None Achievements -------------- None Challenges ------------ None Game ------ Seed FlyingZipScythe Manual? 0 Play Time 00:52:58 Cumulative 15.3 hours Start 2025.10.27 @ 18:07:31 End 2025.10.27 @ 19:06:49 Sessions 1 Manual Loads 0 Difficulty Rogue Special Mode None Game No. 23 Rogue 23 Adventurer 0 Explorer 0 Win Type - Total 0 Types 0/0/0/0/0/0/0/0/0/0 Lore% 10 Gallery% 25 Achievement% 13 Wizard Run 0 Options --------- Layout 0 ASCII 0 Keyboard 0 Movement Mouse Keybinds 0 Fullscreen 1 Font 24/Smallcaps Map View 76x50 Zoom Use 0% Tactical HUD 1 Map Filters NONE Filters NONE Steam 1 RUN: 19406b0e-2fbf-4927-8a78-3d2d0c6cf7a7